SAA
IRVING BLUE SOX @ CHESAPEAKE CONTINENTALS
08/21/2021
 
TOP OF THE 1ST
Irving Blue Sox batting - Pitching for Chesapeake Continentals : RHP Natalino Golaio
Pitching: RHP Natalino Golaio
Batting: RHB Alfredo Chávez 0-0: Swinging Strike
0-1: Ball
1-1: Ball
2-1: SINGLE (Groundball, 6MD)
Batting: LHB Kyle James 0-0: Ball
1-0: Ball
2-0: SINGLE (Groundball, 4MD)
Alfredo Chávez to second
Batting: RHB Stewart Ralston 0-0: Ball
1-0: Ball
2-0: Foul Ball, location: 2F
2-1: Fielders Choice at 2nd, 6-4 (Groundball, 6)
Alfredo Chávez to third
Batting: RHB Júlio López 0-0: Foul Ball, location: 2F
0-1: Ball
Stewart Ralston is caught stealing 2nd base
1-1: Foul Ball, location: 2F
1-2: Strikes out swinging
Top of the 1st over - 0 run(s), 2 hit(s), 0 error(s), 1 left on base; Irving 0 - Chesapeake 0
BOTTOM OF THE 1ST
Chesapeake Continentals batting - Pitching for Irving Blue Sox : LHP Carlos Hernández
Pitching: LHP Carlos Hernández
Batting: RHB Gustavo Varela 0-0: Swinging Strike
0-1: Ball
1-1: Ground out 5-3 (Groundball, 5S)
Batting: SHB Pablo Vázquez 0-0: Ball
1-0: Foul Ball, location: 2F
1-1: SINGLE (Line Drive, 6D)
Batting: RHB Danilo Mosca 0-0: DOUBLE (Line Drive, 7M)
Pablo Vázquez to third
Batting: RHB Jim Unknown 0-0: Ball
1-0: Ball
2-0: Called Strike
2-1: Swinging Strike
2-2: Ball
3-2: Foul Ball, location: 2F
3-2: Ground out 5-3 (Groundball, 56)
Pablo Vázquez scores
Batting: RHB Brett Callison 0-0: SINGLE (Flyball, 8RS)
Danilo Mosca to third
Runner from 3rd tries for Home, SAFE, no throw or cutoff
Batting: SHB Tim Roberts 0-0: Called Strike
0-1: Ball
1-1: Foul Ball, location: 2F
1-2: Strikes out swinging
Bottom of the 1st over - 2 run(s), 3 hit(s), 0 error(s), 1 left on base; Irving 0 - Chesapeake 2
TOP OF THE 2ND
Irving Blue Sox batting - Pitching for Chesapeake Continentals : RHP Natalino Golaio
Batting: RHB Jorge López 0-0: Foul Ball, location: 2F
0-1: Ball
1-1: Foul Ball, location: 2F
1-2: Ball
2-2: Foul Ball, location: 2F
2-2: Ball
3-2: Strikes out looking
Batting: RHB Stan Barnes 0-0: Ball
1-0: Ground out 6-3 (Groundball, 6M)
Batting: RHB Dennis Newell 0-0: Called Strike
0-1: Swinging Strike
0-2: Ball
1-2: Strikes out swinging
Top of the 2nd over - 0 run(s), 0 hit(s), 0 error(s), 0 left on base; Irving 0 - Chesapeake 2
BOTTOM OF THE 2ND
Chesapeake Continentals batting - Pitching for Irving Blue Sox : LHP Carlos Hernández
Batting: LHB José Estrada 0-0: Ball
1-0: Fly out, F7 (Flyball, 7LM)
Batting: SHB Juan Ortega 0-0: Called Strike
0-1: Fly out, F8 (Line Drive, 78M)
Batting: LHB Bernard Horsley 0-0: Ball
1-0: Foul Ball, location: 2F
1-1: SINGLE (Flyball, 7S)
Batting: RHB Gustavo Varela 0-0: Ball
1-0: Ball
2-0: Foul Ball, location: 2F
2-1: Swinging Strike
2-2: Ball
3-2: Base on Balls
Bernard Horsley to second
Batting: SHB Pablo Vázquez 0-0: Swinging Strike
0-1: Foul Ball, location: 2F
0-2: Strikes out swinging
Bottom of the 2nd over - 0 run(s), 1 hit(s), 0 error(s), 2 left on base; Irving 0 - Chesapeake 2
TOP OF THE 3RD
Irving Blue Sox batting - Pitching for Chesapeake Continentals : RHP Natalino Golaio
Batting: RHB Dustin Johnstone 0-0: Ball
1-0: DOUBLE (Flyball, 8LD)
Batting: RHB Robert Jackson 0-0: Foul Ball, location: 2F
0-1: Foul Ball, location: 2F
0-2: Ball
1-2: Strikes out swinging
Batting: RHB Alfredo Chávez 0-0: Called Strike
0-1: Called Strike
0-2: Foul Ball, location: 2F
0-2: Strikes out swinging
Batting: LHB Kyle James 0-0: Swinging Strike
0-1: SINGLE (Groundball, 3D)
Dustin Johnstone to third
Batting: RHB Stewart Ralston 0-0: Swinging Strike
0-1: Fly out, F7 (Flyball, 7M)
Top of the 3rd over - 0 run(s), 2 hit(s), 0 error(s), 2 left on base; Irving 0 - Chesapeake 2
BOTTOM OF THE 3RD
Chesapeake Continentals batting - Pitching for Irving Blue Sox : LHP Carlos Hernández
Batting: RHB Danilo Mosca 0-0: Ball
1-0: Ground out 5-3 (Groundball, 56)
Batting: RHB Jim Unknown 0-0: Called Strike
0-1: Called Strike
0-2: Ball
1-2: Foul Ball, location: 2F
1-2: Foul Ball, location: 2F
1-2: Ball
2-2: Foul Ball, location: 2F
2-2: Ball
3-2: SINGLE (Groundball, 6MD)
Batting: RHB Brett Callison 0-0: Ball
1-0: Ball
2-0: Called Strike
2-1: Fielders Choice at 2nd, 6-4 (Groundball, 6)
Batting: SHB Tim Roberts 0-0: Ball
1-0: Ball
Brett Callison is caught stealing 2nd base
Bottom of the 3rd over - 0 run(s), 1 hit(s), 0 error(s), 0 left on base; Irving 0 - Chesapeake 2
TOP OF THE 4TH
Irving Blue Sox batting - Pitching for Chesapeake Continentals : RHP Natalino Golaio
Batting: RHB Júlio López 0-0: Called Strike
0-1: SINGLE (Flyball, 8LM)
Batting: RHB Jorge López 0-0: Ball
1-0: SINGLE (Line Drive, 78S)
Júlio López to second
Batting: RHB Stan Barnes 0-0: Foul Ball, location: 2F
0-1: Ball
1-1: Ball
2-1: Ball
3-1: Called Strike
3-2: SINGLE (Line Drive, 56D)
Júlio López to third
Jorge López to second
Batting: RHB Dennis Newell 0-0: Ball
1-0: Foul Ball, location: 2F
1-1: Ball
2-1: Swinging Strike
2-2: Ball
3-2: Grounds into fielders choice 1-2 (Groundball, 23)
Jorge López to third
Stan Barnes to second
Batting: RHB Dustin Johnstone 0-0: Foul Ball, location: 2F
0-1: Ball
1-1: Foul Ball, location: 2F
1-2: Ball
2-2: Strikes out looking
Batting: RHB Robert Jackson 0-0: Ball
1-0: Foul Ball, location: 2F
1-1: Ball
2-1: Ball
3-1: Base on Balls
Jorge López scores
Stan Barnes to third
Dennis Newell to second
Batting: RHB Alfredo Chávez 0-0: SINGLE (Groundball, 4MD)
Stan Barnes scores
Dennis Newell to third
Robert Jackson to second
Runner from 3rd tries for Home, SAFE, no throw or cutoff
Batting: LHB Kyle James 0-0: Swinging Strike
0-1: Ball
1-1: Ball
2-1: Ball
3-1: Foul Ball, location: 2F
3-2: Strikes out swinging
Top of the 4th over - 3 run(s), 4 hit(s), 0 error(s), 2 left on base; Irving 3 - Chesapeake 2
BOTTOM OF THE 4TH
Chesapeake Continentals batting - Pitching for Irving Blue Sox : LHP Carlos Hernández
Batting: SHB Tim Roberts 0-0: Called Strike
0-1: Ball
1-1: Swinging Strike
1-2: SINGLE (Groundball, 56D)
Batting: LHB José Estrada 0-0: Called Strike
0-1: Ball
1-1: Ball
2-1: Fly out, F7 (Line Drive, 7S)
Batting: SHB Juan Ortega 0-0: Called Strike
0-1: Grounds into double play, U3-6 (Groundball, 3L)
Bottom of the 4th over - 0 run(s), 1 hit(s), 0 error(s), 0 left on base; Irving 3 - Chesapeake 2
TOP OF THE 5TH
Irving Blue Sox batting - Pitching for Chesapeake Continentals : RHP Natalino Golaio
Batting: RHB Stewart Ralston 0-0: Called Strike
0-1: Ball
1-1: Ball
2-1: Ball
3-1: Base on Balls
Batting: RHB Júlio López 0-0: Ball
Throwing error on steal attempt, E2
Stewart Ralston to third
1-0: Foul Ball, location: 2F
1-1: SINGLE (Line Drive, 4MD)
Stewart Ralston scores
Batting: RHB Jorge López 0-0: Fielders Choice at 2nd, 5-4 (Groundball, 5L)
Batting: RHB Stan Barnes 0-0: Ball
Jorge López steals 2nd base
1-0: Called Strike
1-1: Ball
2-1: Ball
3-1: Base on Balls
Batting: RHB Dennis Newell 0-0: Called Strike
0-1: Ball
1-1: Ball
2-1: Ball
3-1: Foul Ball, location: 2F
3-2: Base on Balls
Jorge López to third
Stan Barnes to second
Batting: RHB Dustin Johnstone 0-0: Called Strike
0-1: Called Strike
0-2: Fly out, F7 (Popup, 6D)
Batting: RHB Robert Jackson 0-0: Foul Ball, location: 2F
0-1: Ball
1-1: Fly out, F9 (Flyball, 89XD)
Top of the 5th over - 1 run(s), 1 hit(s), 1 error(s), 3 left on base; Irving 4 - Chesapeake 2
BOTTOM OF THE 5TH
Chesapeake Continentals batting - Pitching for Irving Blue Sox : LHP Carlos Hernández
Batting: LHB Bernard Horsley 0-0: Ball
1-0: Ball
2-0: SINGLE (Line Drive, 8LS)
Batting: RHB Gustavo Varela 0-0: Called Strike
0-1: Ball
1-1: Grounds into double play, 6-4-3 (Groundball, 6)
Batting: SHB Pablo Vázquez 0-0: Called Strike
0-1: Ball
1-1: Ball
2-1: Ball
3-1: Foul Ball, location: 2F
3-2: Foul Ball, location: 2F
3-2: Fly out, F3 (Popup, 3L)
Bottom of the 5th over - 0 run(s), 1 hit(s), 0 error(s), 0 left on base; Irving 4 - Chesapeake 2
TOP OF THE 6TH
Irving Blue Sox batting - Pitching for Chesapeake Continentals : RHP Natalino Golaio
Batting: RHB Alfredo Chávez 0-0: Called Strike
0-1: Fly out, F9 (Flyball, 9LMF)
Batting: LHB Kyle James 0-0: Called Strike
0-1: Ball
1-1: Called Strike
1-2: Foul Ball, location: 2F
1-2: Ground out 1-3 (Groundball, 15S)
Batting: RHB Stewart Ralston 0-0: Called Strike
0-1: Fly out, F7 (Flyball, 7LSF)
Top of the 6th over - 0 run(s), 0 hit(s), 0 error(s), 0 left on base; Irving 4 - Chesapeake 2
BOTTOM OF THE 6TH
Chesapeake Continentals batting - Pitching for Irving Blue Sox : LHP Carlos Hernández
Batting: RHB Danilo Mosca 0-0: SINGLE (Groundball, 25) (infield hit)
Batting: RHB Jim Unknown 0-0: Ball
1-0: Swinging Strike
1-1: Called Strike
Danilo Mosca is caught stealing 2nd base
1-2: Ground out 5-3 (Groundball, 5)
Batting: RHB Brett Callison 0-0: Fly out, F7 (Flyball, 8LM)
Bottom of the 6th over - 0 run(s), 1 hit(s), 0 error(s), 0 left on base; Irving 4 - Chesapeake 2
TOP OF THE 7TH
Irving Blue Sox batting - Pitching for Chesapeake Continentals : RHP Natalino Golaio
Batting: RHB Júlio López 0-0: SOLO HOME RUN (Flyball, 7D), Distance : 395 ft
Batting: RHB Jorge López 0-0: Foul Ball, location: 2F
0-1: Ball
1-1: Foul Ball, location: 2F
1-2: Ball
2-2: Ball
3-2: Ground out 6-3 (Groundball, 6)
Batting: RHB Stan Barnes 0-0: Ball
1-0: Swinging Strike
1-1: Called Strike
1-2: Foul Ball, location: 2F
1-2: Foul Ball, location: 2F
1-2: Strikes out swinging
Batting: RHB Dennis Newell 0-0: Ball
1-0: Foul Ball, location: 2F
1-1: Fly out, F9 (Flyball, 89M)
Top of the 7th over - 1 run(s), 1 hit(s), 0 error(s), 0 left on base; Irving 5 - Chesapeake 2
BOTTOM OF THE 7TH
Chesapeake Continentals batting - Pitching for Irving Blue Sox : LHP Carlos Hernández
Batting: SHB Tim Roberts 0-0: Ball
1-0: Foul Ball, location: 2F
1-1: Foul Ball, location: 2F
1-2: SINGLE (Groundball, 5D)
Batting: LHB José Estrada 0-0: Called Strike
0-1: Bunted foul
0-2: Grounds out, U3 (Groundball, 3L)
Batting: SHB Juan Ortega 0-0: Called Strike
0-1: Foul Ball, location: 2F
0-2: Ball
1-2: Strikes out swinging
Batting: LHB Bernard Horsley 0-0: Called Strike
0-1: Ball
1-1: Fly out, F8 (Flyball, 8LM)
Bottom of the 7th over - 0 run(s), 1 hit(s), 0 error(s), 1 left on base; Irving 5 - Chesapeake 2
TOP OF THE 8TH
Irving Blue Sox batting - Pitching for Chesapeake Continentals : RHP Natalino Golaio
Batting: RHB Dustin Johnstone 0-0: Called Strike
0-1: Ball
1-1: Foul Ball, location: 2F
1-2: SOLO HOME RUN (Flyball, 7D), Distance : 393 ft
Pitching: LHP Jim Unknown
Batting: RHB Robert Jackson 0-0: Ball
1-0: SINGLE (Groundball, 56D)
Batting: RHB Alfredo Chávez 0-0: Ball
1-0: Sac Bunt - play at first, batter safe!
Robert Jackson to second
Batting: LHB Kyle James 0-0: Ball
1-0: Sac Bunt - play at third, runner OUT! 1-6
Alfredo Chávez to second
Batting: RHB Stewart Ralston 0-0: Ball
1-0: Called Strike
1-1: Fielders Choice at 2nd, 4-6 (Groundball, 34)
Alfredo Chávez to third
Batting: RHB Júlio López 0-0: Called Strike
0-1: SINGLE (Groundball, 6)
Alfredo Chávez scores
Stewart Ralston to second
Batting: RHB Jorge López 0-0: Called Strike
0-1: Fly out, F7 (Flyball, 7LD)
Top of the 8th over - 2 run(s), 4 hit(s), 0 error(s), 2 left on base; Irving 7 - Chesapeake 2
BOTTOM OF THE 8TH
Chesapeake Continentals batting - Pitching for Irving Blue Sox : LHP Carlos Hernández
Batting: RHB Gustavo Varela 0-0: Fly out, F9 (Flyball, 89S)
Batting: SHB Pablo Vázquez 0-0: Ball
1-0: Called Strike
1-1: Called Strike
1-2: Foul Ball, location: 2F
1-2: Ball
2-2: Strikes out swinging
Batting: RHB Danilo Mosca 0-0: Ball
1-0: Ball
2-0: Called Strike
2-1: Foul Ball, location: 2F
2-2: Strikes out swinging
Bottom of the 8th over - 0 run(s), 0 hit(s), 0 error(s), 0 left on base; Irving 7 - Chesapeake 2
TOP OF THE 9TH
Irving Blue Sox batting - Pitching for Chesapeake Continentals : LHP Jim Unknown
Batting: RHB Stan Barnes 0-0: Ball
1-0: Called Strike
1-1: Ball
2-1: Swinging Strike
2-2: Fly out, F9 (Flyball, 9M)
Batting: RHB Dennis Newell 0-0: Fly out, F6 (Popup, 6MD)
Batting: RHB Dustin Johnstone 0-0: Ball
1-0: SINGLE (Groundball, 5D)
Batting: RHB Robert Jackson 0-0: Ball
1-0: Fielders Choice at 2nd, 5-4 (Groundball, 5)
Top of the 9th over - 0 run(s), 1 hit(s), 0 error(s), 0 left on base; Irving 7 - Chesapeake 2
BOTTOM OF THE 9TH
Chesapeake Continentals batting - Pitching for Irving Blue Sox : LHP Carlos Hernández
Batting: RHB Jim Unknown 0-0: Foul Ball, location: 2F
0-1: Ball
1-1: Called Strike
1-2: Strikes out swinging
Batting: RHB Brett Callison 0-0: Foul Ball, location: 2F
0-1: Ball
1-1: Ball
2-1: SINGLE (Line Drive, 56D)
Pitching: RHP Jim Unknown
Batting: SHB Tim Roberts 0-0: Foul Ball, location: 2F
0-1: Ball
1-1: Fly out, F2 (Popup, 2LF)
Batting: LHB José Estrada 0-0: Called Strike
0-1: Fly out, F7 (Flyball, 7M)
Bottom of the 9th over - 0 run(s), 1 hit(s), 0 error(s), 1 left on base; Irving 7 - Chesapeake 2
This league is powered by Out of the Park Baseball, the baseball management simulation game for PC, Mac and Linux
Friday, January 22nd, 2016 - OOTP Baseball 16.9 Build 39